 Dungeon Crawl Stone Soup version 0.27-a0-1177-g245c70e1c0 (webtiles) character file.

Game seed: 12617289936034657596

914 freelancePsychic the Cudgeller (level 8, -7/51 HPs)
             Began as a Gargoyle Fighter on May 16, 2021.
             Was a Believer of Elyvilon.
             Mangled by an ogre
             ... wielding a +0 giant spiked club
              (17 damage)
             ... on level 4 of the Dungeon.
             The game lasted 00:07:04 (5562 turns).

freelancePsychic the Cudgeller (Gargoyle Fighter)   Turns: 5562, Time: 00:07:04

Health: -7/51      AC: 16    Str: 20    XL:     8   Next: 9%
Magic:  11/11      EV:  5    Int: 11    God:    Elyvilon [**....]
Gold:   154        SH:  9    Dex: 15    Spells: 7/7 levels left

rFire    + . .     SeeInvis .   a - +0 flail
rCold    . . .     Faith    .   c - +0 kite shield
rNeg     + . .     Spirit   .   s - +0 chain mail
rPois    ∞         Reflect  .   j - +0 helmet
rElec    +         Harm     .   (no cloak)
rCorr    .         Rampage  .   (no gloves)
Will     .....                  (no boots)
Stlth    ..........             (no amulet)
HPRegen  0.17/turn              p - ring of protection from fire
MPRegen  0.12/turn              f - +6 ring of dexterity

@: no status effects
A: sickness immunity, AC +5, negative energy resistance 1, electricity
resistance, torment resistance 1, petrification resistance
a: Renounce Religion, Lesser Healing, Heal Other, Divine Protection


You were on level 4 of the Dungeon.
You worshipped Elyvilon.
Elyvilon was pleased with you.
You visited 1 branch of the dungeon, and saw 5 of its levels.
You also visited: Sewer.

You collected 154 gold pieces.

Inventory:

Hand Weapons
 a - a +0 flail (weapon)
Armour
 b - a +0 scale mail
 c - a +0 kite shield (worn)
 j - a +0 helmet (worn)
 s - a +0 chain mail (worn)
Jewellery
 d - a ring of protection from fire
 f - a +6 ring of dexterity (right hand)
 p - a ring of protection from fire (left hand)
 r - a ring of see invisible
 u - an amulet of reflection
Wands
 q - a wand of flame (9)
Scrolls
 h - a scroll of fog
 i - a scroll of vulnerability
Potions
 e - a potion of attraction {unknown}
 g - 3 potions of flight
 k - a potion of curing {@q1}
 l - a potion of ambrosia {unknown}
 m - 5 potions of brilliance
 n - a potion of heal wounds {unknown}
 o - a potion of lignification {unknown}


   Skills:
 + Level 5.8 Fighting
 * Level 6.5 Maces & Flails
 - Level 3.6 Armour
 - Level 3.6 Shields
 + Level 4.3 Invocations


You had 7 spell levels left.
You didn't know any spells.
Your spell library was empty.

Dungeon Overview and Level Annotations

Branches:
Dungeon (5/15)              Sewer (visited)
 Temple: D:4-7

Altars:
Dithmenos
Elyvilon
Kikubaaqudgha

Shops:
D:4 (


Innate Abilities, Weirdness & Mutations

You are immune to sickness and miasma.
Your stone body is resilient. (AC +5)
You are immune to poison.
You resist negative energy. (rN+)
You are resistant to electric shocks. (rElec)
You are resistant to unholy torment.
You are immune to petrification.


Message History

You closely miss the ogre.
The ogre is almost dead.
The ogre hits you with a +0 giant spiked club!
You hit the ogre but do no damage.
The ogre is almost dead.
The ogre hits you with a +0 giant spiked club!!
Ouch! That really hurt!
* * * LOW HITPOINT WARNING * * *
You hit the ogre.
The ogre is almost dead.
You block the ogre's attack.
You are healed.
The ogre hits you with a +0 giant spiked club!
* * * LOW HITPOINT WARNING * * *
You are healed.
The ogre hits you but does no damage.
You hit the ogre but do no damage.
The ogre is almost dead.
The ogre hits you with a +0 giant spiked club.
* * * LOW HITPOINT WARNING * * *
You are healed.
The ogre hits you with a +0 giant spiked club!
* * * LOW HITPOINT WARNING * * *
You see here a +0 helmet.
There is a stone staircase leading up here.
You climb upwards.
There is a stone staircase leading down here.
You start resting.
HP restored.
You climb downwards.
The ogre hits you with a +0 giant spiked club!!
There is a stone staircase leading up here.
You hit the ogre but do no damage.
The ogre hits you with a +0 giant spiked club.
Your shield prevents you from hitting the ogre.
The ogre barely misses you.
You hit the ogre but do no damage.
The ogre hits you with a +0 giant spiked club!!
* * * LOW HITPOINT WARNING * * *
The ogre hits you with a +0 giant spiked club!
You die...

#.............##...#...##.##...#.
#.#.....#####.##...##...#.#...##.
#.#.......###.##....##))#.#'.##..
#.#.....#.#..........###...###...
#...........#.###........8..÷....
###.....###..........###...###...
#########..###....##.†#.#).##..
#................##...#.#...##.
#.#######.#.##@..#...##.##...#.
#.# #.#.#.O..#..##...##.[#.
#.#######.#.#....####.....####.
#.......#.#.#<#................
#######.#.#................##..
####.#.###.....#####....##.#
#....#.#...###.# #....##.#
#....#.#...#.#.## #.....#.#
#....#...##.##..# #.....#.#


You could see an ogre.

Vanquished Creatures
  Sigmund (D:2)
  Eustachio (D:4)
  A water moccasin (D:4)
  A centaur (D:4)
  A kobold brigand (Sewer)
  A scorpion (D:4)
  3 hounds (D:4)
  A centaur skeleton (D:4)
  7 adders
  A river rat (Sewer)
  A shadow imp (D:4)
  A worm (D:4)
  6 dart slugs
  An orc (D:3)
  6 bats
  5 endoplasms
  7 giant cockroaches (D:4)
  2 goblins (D:4)
  3 hobgoblins
  11 jackals
  6 quokkas
  11 ball pythons
  4 frilled lizards
  7 kobolds
  A quokka skeleton (D:4)
  5 rats
95 creatures vanquished.

Notes
Turn   | Place    | Note
-------+----------+-------------------------------------------
     0 | D:1      | freelancePsychic the Gargoyle Fighter began the quest for
                  | the Orb.
     0 | D:1      | Reached XP level 1. HP: 14/14 MP: 1/1
   159 | D:1      | Reached XP level 2. HP: 19/19 MP: 2/2
   695 | D:1      | Reached XP level 3. HP: 21/23 MP: 3/3
  1144 | D:2      | Noticed Sigmund
  1568 | D:3      | Found a white marble altar of Elyvilon.
  1568 | D:3      | Found an ancient bone altar of Kikubaaqudgha.
  1587 | D:3      | Became a worshipper of Elyvilon the Healer
  1826 | D:3      | Reached skill level 3 in Maces & Flails
  2149 | D:3      | Reached XP level 4. HP: 23/29 MP: 4/4
  2474 | D:4      | Found a glowing drain.
  2503 | D:4      | Found Sene's General Store.
  2505 | Sewer    | Entered a sewer
  2604 | Sewer    | Noticed a kobold brigand
  2626 | Sewer    | Killed a kobold brigand
  2627 | Sewer    | Reached skill level 1 in Invocations
  2627 | Sewer    | Reached XP level 5. HP: 16/33 MP: 4/6
  2784 | Sewer    | Reached * piety under Elyvilon
  2796 | Sewer    | Found a white marble altar of Elyvilon.
  2956 | D:4      | Reached skill level 4 in Maces & Flails
  3234 | D:4      | Reached XP level 6. HP: 39/39 MP: 7/7
  3465 | D:4      | Found a shadowy altar of Dithmenos.
  3466 | D:4      | Noticed Eustachio
  3517 | D:4      | Killed Eustachio
  3518 | D:4      | Reached skill level 5 in Fighting
  3518 | D:4      | Reached skill level 5 in Maces & Flails
  3518 | D:4      | Reached XP level 7. HP: 29/44 MP: 7/9
  3648 | D:2      | Killed Sigmund
  4398 | D:2      | Reached ** piety under Elyvilon
  4838 | D:4      | Found Dicleang's Weapon Emporium.
  4930 | D:4      | Reached skill level 6 in Maces & Flails
  5121 | D:4      | Reached XP level 8. HP: 35/51 MP: 11/11
  5263 | D:5      | Entered Level 5 of the Dungeon
  5562 | D:4      | Mangled by an ogre

Illustrated notes

Levels and vault maps discovered:
D:1:      minmay_arrival_four_loops, layout_basic
D:2:      layout_basic, uniq_sigmund
D:3:      layout_basic, chequers_temple_overflow_statue_of_worship,
          minmay_surrounded
D:4:      cheibrodos_barr_body, layout_basic, nicolae_dithmenos_shadow_blocks,
          serial_shops, nicolae_shop_window_shopping, shop,
          gup_sewer_entry_glass, minmay_vboxes, uniq_eustachio
D:5:      lemuel_ratsnest, layout_basic, okawaru_gym_becter

Skill      XL: |  1  2  3  4  5  6  7 |
---------------+----------------------+-----
Maces & Flails | 3 4 5 6 |  6.5
Fighting       | 4 5 |  5.8
Invocations    | 1 2 3 4 |  4.3
Armour         | |  3.6
Shields        | |  3.6

Action                   |  1- 3 |  4- 6 |  7- 9 || total
-------------------------+-------+-------+-------++-------
Melee: Flail             |   147 |   143 |   132 ||   422
Invok: Lesser Healing    |       |       |     3 ||     3
  Use: Scroll            |       |     1 |     3 ||     4
       Potion            |       |       |     1 ||     1
Armor: Scale mail        |   120 |    85 |       ||   205
       Chain mail        |       |    11 |    89 ||   100
Dodge: Dodged            |    71 |    57 |    30 ||   158
Block: Kite shield       |    85 |    85 |    80 ||   250

Table legend: (Time is in decaauts)
 A = Elapsed time spent in this place.
 B = Non-inter-level travel time spent in this place.
 C = Inter-level travel time spent in this place.
 D = Time resting spent in this place.
 E = Time spent auto-exploring this place.
 F = Levels seen in this place.
 G = Mean time per level.
                   A        B        C        D        E       F      G
               +--------+--------+--------+--------+--------+-----+--------+
         Total |   5767 |   5497 |    270 |    465 |   4002 |   6 |  961.2 |
       Dungeon |   5392 |   5122 |    270 |    310 |   3862 |   5 | 1078.4 |
         Sewer |    374 |    374 |      0 |    155 |    140 |   1 |  374.0 |
               +--------+--------+--------+--------+--------+-----+--------+

Top non-repeatable levels by time:
     D:4: 1607 daAuts
     D:3: 1570 daAuts
     D:1: 1228 daAuts
     D:2: 981 daAuts
   Sewer: 374 daAuts
     D:5: 4 daAuts
